 Dungeon Crawl Stone Soup version 0.23.1 (webtiles) character file.

Game seed: 2468870496379316032

4705 Borgoz the Sneak (level 10, -4/80 (81) HPs)
             Began as a Ghoul Enchanter on Mar 7, 2019.
             Was a Follower of Ashenzari.
             Killed by the air
             ... invoked by Gastronok
              (19 damage)
             ... on level 8 of the Dungeon.
             The game lasted 00:22:53 (10661 turns).

Borgoz the Sneak (Ghoul Enchanter)                 Turns: 10661, Time: 00:22:54

HP:   -4/80 (81)    AC:  7    Str: 13    XL:     10   Next: 45%
MP:   16/16         EV: 29    Int: 15    God:    Ashenzari [*.....]
Gold: 666           SH:  0    Dex: 15    Spells: 12/18 levels left

rFire    . . .     SeeInvis .   a - +3 dagger (elec)
rCold    + . .     Gourm    .   (no shield)
rNeg     + + +     Faith    .   l - +0 leather armour
rPois    ∞         Spirit   .   j - +1 helmet
rElec    .         Reflect  .   (no cloak)
rCorr    .         Harm     .   k - +0 pair of gloves
MR       .....                  (no boots)
Stlth    +++.......             z - amulet of the acrobat
HPRegen  0.00/turn              i - +4 ring of intelligence
MPRegen  0.15/turn              g - +4 ring of dexterity

@: acrobat, rotting
A: rotting body, claws 1, carnivore, cold resistance 1, negative energy
resistance 3, inhibited regeneration, torment resistance, unbreathing
a: Curse Item, Scrying, Renounce Religion


You were on level 8 of the Dungeon.
You worshipped Ashenzari.
Ashenzari was aware of your devotion.
You were not hungry.

You visited 2 branches of the dungeon, and saw 9 of its levels.

You collected 666 gold pieces.

Inventory:

Hand Weapons
 a - a +3 dagger of electrocution (weapon)
 b - a +2 dagger of venom
 A - a +3 dagger of chaos
Armour
 j - a +1 helmet (worn)
 k - a +0 pair of gloves (worn)
 l - a +0 leather armour (worn)
 y - a +0 scale mail of cold resistance
Jewellery
 g - a +4 ring of dexterity (right hand)
 i - a +4 ring of intelligence (left hand)
 n - an uncursed ring of protection from cold
 z - an amulet of the acrobat (around neck)
Wands
 x - a wand of acid (11)
Scrolls
 e - 2 scrolls of teleportation
 f - 3 scrolls of remove curse
 p - 2 scrolls of enchant armour
 r - 3 scrolls of fog
Potions
 c - a potion of flight
 h - 2 potions of resistance
 o - 2 potions of brilliance
 s - a potion of curing {unknown}
 w - a potion of heal wounds
Comestibles
 d - 22 rations


   Skills:
 + Level 5.5 Fighting
 * Level 7.1 Short Blades
 + Level 4.6 Armour
 + Level 5.0 Dodging
 + Level 7.1 Stealth
 + Level 4.7 Spellcasting
 + Level 5.0 Hexes


You had 12 spell levels left.
You knew the following spells:

 Your Spells              Type           Power        Failure   Level  Hunger
a - Corona                Hex            ###....      2%          1    None
b - Ensorcelled Hibernat  Hex/Ice        ##....       11%         2    ##.....
c - Confuse               Hex            ###.....     8%          3    ###....

Your spell library contained the following spells:

 Spells                   Type           Power        Failure   Level  Hunger
 Tukima's Dance           Hex            ###.....     8%          3    ###....
 Flame Tongue             Conj/Fire      #....        21%         1    None
 Dazzling Spray           Conj/Hex       ##....       22%         3    ###....
 Inner Flame              Hex/Fire       ##......     22%         3    ###....
 Throw Flame              Conj/Fire      #.....       30%         2    ##.....
 Conjure Flame            Conj/Fire      #.......     52%         3    ###....
 Sticky Flame             Conj/Fire      #.......     90%         4    ####...
 Fireball                 Conj/Fire      #.........   99%         5    ######.


Dungeon Overview and Level Annotations

Branches:
Dungeon (8/15)             Temple (1/1) D:6
   Lair: D:8-11

Altars:
Ashenzari
Cheibriados
Dithmenos
Elyvilon
Gozag
Hepliaklqana
Kikubaaqudgha
Nemelex Xobeh
Okawaru
Qazlal
Ru
Sif Muna
Trog
Uskayaw
Vehumet
Wu Jian
Xom
Yredelemnul
Zin

Annotations:
D:8 Gastronok


Innate Abilities, Weirdness & Mutations

Your body is rotting away.
You thrive on raw meat.
You are immune to poison.
You have sharp fingernails.
You are carnivorous and can eat meat at any time.
Your flesh is cold resistant. (rC+)
You are immune to negative energy. (rN+++)
You do not regenerate when monsters are visible.
You are immune to unholy pain and torment.
You can survive without breathing.


Message History

Gastronok gurgles horribly!
No target in view!
Gastronok is too close now for your liking.
There is an open door, spattered with blood here.
Things that are here:
a +0 hand axe; a +0 animal skin You hit Gastronok but do no damage.
Gastronok bites you!!
Okay, then.
Casting: Ensorcelled Hibernation (safe; 11% risk of failure)
Confirm with . or Enter, or press ? or * to list all spells.
Aiming: Ensorcelled Hibernation (safe; 11% risk of failure)
Press: ? - help, Shift-Dir - straight line, f - Gastronok
Aim: Gastronok, wearing a +2 hat (chance to defeat MR: 5%)
Okay, then.
Gastronok waves his eye-stalks in wide circles.
The air twists around and strikes you!
* * * LOW HITPOINT WARNING * * *
Gastronok waves his eye-stalks in wide circles.
The air twists around and strikes you!
You die...

.....#.....)......)...#...#
.....#######.w........#...#
......................#...#
......................##.##
.÷....................##.#
......................##.##
......)..[................#
......................#.#.#
................@....#.##.#
..........................#
###############.#......##.#
#......##.#.# #...........#
#.........### ##
#...##.#### ... ##..##.#
...####..##.############


You could see Gastronok.

Vanquished Creatures
  Pikel (D:4)
  Psyche (D:8)
  A human (D:8)
  A wyvern (D:8)
  4 hogs (D:8)
  Edmund (D:6)
  2 orc warriors
  An ice beast (D:6)
  A phantom (D:6)
  A black bear (D:8)
  4 ogres
  A sky beast (D:8)
  A centaur (D:5)
  A necrophage (D:6)
  A crocodile (D:8)
  Blork the orc (D:6)
  2 big kobolds (D:2)
  2 bullfrogs
  2 scorpions
  4 killer bees (D:7)
  3 wights (D:4)
  3 jellies
  A bullfrog zombie (D:5)
  A centaur zombie (D:8)
  2 orc priests (D:5)
  A bullfrog skeleton (D:8)
  3 hounds
  2 centaur skeletons
  An iguana (D:6)
  6 orc wizards
  10 worker ants
  2 hound zombies
  A howler monkey skeleton (D:5)
  15 gnolls
  2 orc zombies (D:4)
  7 adders
  2 shadow imps
  3 oozes (D:2)
  An adder skeleton (D:6)
  2 worms
  A dart slug (D:4)
  3 leopard geckos
  10 orcs
  2 ball pythons
  2 giant cockroaches
  29 goblins
  28 hobgoblins
  8 jackals
  4 quokkas
  7 bats
  9 frilled lizards
  15 kobolds
  A leopard gecko skeleton (D:6)
  A quokka skeleton (D:6)
  A quokka zombie (D:5)
  9 rats
231 creatures vanquished.

Vanquished Creatures (others)
  2 slaves (D:5)
  An ogre (D:5)
  A giant cockroach (D:5)
  A quokka (D:4)
5 creatures vanquished.

Grand Total: 236 creatures vanquished

Notes
Turn   | Place    | Note
-------+----------+-------------------------------------------
     0 | D:1      | Borgoz the Ghoul Enchanter began the quest for the Orb.
     0 | D:1      | Reached XP level 1. HP: 14/14 MP: 2/2
     1 | D:1      | Noticed an electric eel
    83 | D:1      | Reached skill level 1 in Short Blades
   340 | D:1      | Reached XP level 2. HP: 15/20 MP: 3/3
   761 | D:1      | Reached XP level 3. HP: 26/27 MP: 4/4
  1233 | D:2      | Found an ancient bone altar of Kikubaaqudgha.
  1301 | D:2      | Reached skill level 1 in Fighting
  1301 | D:2      | Reached XP level 4. HP: 23/35 MP: 6/6
  1310 | D:2      | Learned a level 2 spell: Ensorcelled Hibernation
  1314 | D:2      | Learned a level 3 spell: Confuse
  1467 | D:2      | Reached skill level 1 in Armour
  1994 | D:4      | Reached XP level 5. HP: 40/40 MP: 7/7
  2226 | D:4      | Found a transporter.
  2608 | D:3      | Reached XP level 6. HP: 32/48 MP: 8/8
  3301 | D:3      | Reached XP level 7. HP: 28/56 MP: 10/10
  4053 | D:4      | Found a white marble altar of Elyvilon.
  4866 | D:4      | Found a transporter.
  5012 | D:5      | Entered Level 5 of the Dungeon
  5012 | D:5      | Noticed Pikel
  5046 | D:4      | Killed Pikel
  5046 | D:4      | Reached skill level 5 in Stealth
  5046 | D:4      | Reached XP level 8. HP: 9/61 MP: 11/11
  5888 | D:5      | Reached skill level 5 in Short Blades
  6132 | D:5      | Found a deep blue altar of Sif Muna.
  6163 | D:5      | Reached XP level 9. HP: 21/71 MP: 13/13
  6313 | D:5      | Found an iron altar of Okawaru.
  7239 | D:6      | Noticed Blork the orc
  7246 | D:6      | Noticed Edmund
  7382 | D:6      | Killed Edmund
  7572 | D:6      | Found a staircase to the Ecumenical Temple.
  7581 | Temple   | Entered the Ecumenical Temple
  7716 | Temple   | Became a worshipper of Ashenzari the Shackled
  7803 | D:6      | Killed Blork the orc
  8193 | D:7      | HP: 2/72 [killer bee (5)]
  8866 | D:7      | Found an ancient bone altar of Kikubaaqudgha.
  9498 | D:8      | Noticed Psyche
  9515 | D:8      | Killed Psyche
  9515 | D:8      | Reached skill level 5 in Fighting
  9515 | D:8      | Reached XP level 10. HP: 47/80 MP: 1/15
  9865 | D:8      | Noticed Gastronok
 10130 | D:8      | Reached * piety under Ashenzari
 10431 | D:8      | Reached skill level 5 in Dodging
 10443 | D:8      | Reached skill level 5 in Hexes
 10661 | D:8      | Killed from afar by Gastronok

Skill      XL: |  1  2  3  4  5  6  7  8  9 10 |
---------------+-------------------------------+-----
Short Blades   | 1 2 3 4 5 6 7 |  7.1
Dodging        | 2 3 4 5 |  5.0
Spellcasting   | 2 3 4 |  4.7
Fighting       | 1 2 3 5 |  5.5
Armour         | 1 2 3 4 |  4.6
Stealth        | 4 5 6 7 |  7.1
Hexes          | 3 4 5 |  5.0

Action                   |  1- 3 |  4- 6 |  7- 9 | 10-12 || total
-------------------------+-------+-------+-------+-------++-------
Melee: Dagger            |   132 |   200 |   397 |    64 ||   793
 Cast: Corona            |     3 |       |       |       ||     3
       Ensorcelled Hiber |       |     3 |    28 |    12 ||    43
       Confuse           |       |     1 |     4 |       ||     5
  Use: Potion            |       |     1 |     7 |     1 ||     9
       Scroll            |       |       |     6 |     7 ||    13
 Stab: Sleeping          |     2 |     9 |    24 |     8 ||    43
       Confused          |       |       |     4 |       ||     4
       Distracted        |       |       |     2 |       ||     2
  Eat: Chunk             |    12 |    18 |    35 |     3 ||    68
Armor: Robe              |    18 |       |       |       ||    18
       Leather armour    |    12 |    51 |    79 |    15 ||   157
Dodge: Dodged            |    82 |   120 |   254 |    29 ||   485
